Workbook

Sheet Investitionen
A1: Finanzielle Planung der selbstständigen Tätigkeit XXX - Investitionen
A3: Investitionen
B4: Anfangs-investitionen | C4: 1. Monat | D4: 2. Monat | E4: 3. Monat | F4: 4. Monat | G4: 5. Monat | H4: 6. Monat | I4: 7. Monat | J4: 8. Monat | K4: 9. Monat | L4: 10. Monat | M4: 11. Monat | N4: 12. Monat | O4: 1. GJ | P4: 2. GJ | Q4: 3. GJ
A5: Computer und Bildschirme | B5: 500 | C5: 0 | D5: 0 | E5: 0 | F5: 0 | G5: 0 | H5: 0 | I5: 0 | J5: 0 | K5: 0 | L5: 0 | M5: 0 | N5: 0 | O5: =SUM(B5:N5) -> 500 | P5: 0 | Q5: 0
A6: Computer Zubehör | B6: 100 | C6: 0 | D6: 0 | E6: 0 | F6: 0 | G6: 0 | H6: 0 | I6: 0 | J6: 0 | K6: 0 | L6: 0 | M6: 0 | N6: 0 | O6: =SUM(B6:N6) -> 100 | P6: 0 | Q6: 0
A7: Software | B7: 100 | C7: 0 | D7: 0 | E7: 0 | F7: 0 | G7: 0 | H7: 0 | I7: 0 | J7: 0 | K7: 0 | L7: 0 | M7: 0 | N7: 0 | O7: =SUM(B7:N7) -> 100 | P7: 0 | Q7: 0
A8: Multifunktionsgerät | B8: 70 | C8: 0 | D8: 0 | E8: 0 | F8: 0 | G8: 0 | H8: 0 | I8: 0 | J8: 0 | K8: 0 | L8: 0 | M8: 0 | N8: 0 | O8: =SUM(B8:N8) -> 70 | P8: 0 | Q8: 0
A9: Telefon | B9: 50 | C9: 0 | D9: 0 | E9: 0 | F9: 0 | G9: 0 | H9: 0 | I9: 0 | J9: 0 | K9: 0 | L9: 0 | M9: 0 | N9: 0 | O9: =SUM(B9:N9) -> 50 | P9: 0 | Q9: 0
A10: Kabel | B10: 20 | C10: 0 | D10: 0 | E10: 0 | F10: 0 | G10: 0 | H10: 0 | I10: 0 | J10: 0 | K10: 0 | L10: 0 | M10: 0 | N10: 0 | O10: =SUM(B10:N10) -> 20 | P10: 0 | Q10: 0
A11: Laptop | B11: 200 | C11: 0 | D11: 0 | E11: 0 | F11: 0 | G11: 0 | H11: 0 | I11: 0 | J11: 0 | K11: 0 | L11: 0 | M11: 0 | N11: 0 | O11: =SUM(B11:N11) -> 200 | P11: 200 | Q11: 0
A12: Tische | B12: 300 | C12: 0 | D12: 0 | E12: 0 | F12: 0 | G12: 0 | H12: 0 | I12: 0 | J12: 0 | K12: 0 | L12: 0 | M12: 0 | N12: 0 | O12: =SUM(B12:N12) -> 300 | P12: 0 | Q12: 0
A13: Stühle | B13: 200 | C13: 0 | D13: 0 | E13: 0 | F13: 0 | G13: 0 | H13: 0 | I13: 0 | J13: 0 | K13: 0 | L13: 0 | M13: 0 | N13: 0 | O13: =SUM(B13:N13) -> 200 | P13: 0 | Q13: 0
A14: Firmenwagen | B14: 0 | C14: 0 | D14: 0 | E14: 0 | F14: 0 | G14: 0 | H14: 0 | I14: 0 | J14: 0 | K14: 0 | L14: 0 | M14: 0 | N14: 0 | O14: =SUM(B14:N14) -> 0 | P14: 0 | Q14: 0
A15: Schränke | B15: 100 | C15: 0 | D15: 0 | E15: 0 | F15: 0 | G15: 0 | H15: 0 | I15: 0 | J15: 0 | K15: 0 | L15: 0 | M15: 0 | N15: 0 | O15: =SUM(B15:N15) -> 100 | P15: 0 | Q15: 0
A16: Veranstaltungsausrüstung | B16: 500 | C16: 0 | D16: 0 | E16: 0 | F16: 0 | G16: 0 | H16: 0 | I16: 0 | J16: 0 | K16: 0 | L16: 0 | M16: 0 | N16: 0 | O16: =SUM(B16:N16) -> 500 | P16: 500 | Q16: 500
... A19: Lampen | B19: 50 | C19: 0 | D19: 0 | E19: 0 | F19: 0 | G19: 0 | H19: 0 | I19: 0 | J19: 0 | K19: 0 | L19: 0 | M19: 0 | N19: 0 | O19: =SUM(B19:N19) -> 50 | P19: 0 | Q19: 0
A20: Investitionen | B20: =SUM(B5:B19) -> 2990 | C20: =SUM(C5:C19) -> 0 | D20: =SUM(D5:D19) -> 0 | E20: =SUM(E5:E19) -> 0 | F20: =SUM(F5:F19) -> 0 | G20: =SUM(G5:G19) -> 0 | H20: =SUM(H5:H19) -> 0 | I20: =SUM(I5:I19) -> 0 | ... N20: =SUM(N5:N19) -> 0 | O20: =SUM(B20:N20) -> 2990 | P20: =SUM(P5:P19) -> 1200 | Q20: =SUM(Q5:Q19) -> 1000

Sheet Finanzplan
A1: Finanzielle Planung der selbstständigen Tätigkeit XXX - Finanzplan
A3: Parameter
A4: Zinssatz für Zinsgewinne | B4: 0.01
A5: Zinssatz für Zinsausgaben | B5: 0.11
A7: Eröffnungsbilanz
A8: Investitionen | B8: =Investitionen!B20 -> 2990
A9: Anlagevermögen | B9: =B8 -> 2990
A10: Forderung an Gesellschafter | B10: 0
A11: Bank | B11: =B14-B8-B10 -> 7010
A12: Umlaufvermögen | B12: =B11+B10 -> 7010
A13: Aktiva | B13: =B9+B12 -> 10000
A14: Eigenkapital | B14: 10000
A15: Langfristige Verbindlichkeiten | B15: 0 | D15: new | E15: 0 | F15: 0 | G15: 0.08 | H15: 0.09 | I15: 0.095 | J15: 0.0975 | K15: 0.1 | L15: 0.1025 | M15: 0.105 | N15: 0.1075 | O15: 0.11 | P15: 0.1125 | Q15: =SUM(E15:P15) -> 1
A16: Passiva | B16: =B14+B15 -> 10000 | E16: 0.07 | F16: 0.0725 | G16: 0.075 | H16: 0.075 | I16: 0.0775 | J16: 0.08 | K16: 0.085 | L16: 0.0875 | M16: 0.09 | N16: 0.0925 | O16: 0.095 | P16: 0.1 | Q16: =SUM(E16:P16) -> 1
A18: Erwartete Umsätze
B19: 1. GJ
B20: 1. Monat | C20: 2. Monat | D20: 3. Monat | E20: 4. Monat | F20: 5. Monat | G20: 6. Monat | H20: 7. Monat | I20: 8. Monat | J20: 9. Monat | K20: 10. Monat | L20: 11. Monat | M20: 12. Monat | N20: Gesamt | O20: 2. GJ | P20: 3. GJ
A21: Umsatz aus Handelsprovisionen | B21: =Umsatzherleitung!C14 -> 0 | C21: =Umsatzherleitung!D14 -> 0 | D21: =Umsatzherleitung!E14 -> 0 | E21: =Umsatzherleitung!F14 -> 0 | F21: =Umsatzherleitung!G14 -> 0 | G21: =Umsatzherleitung!H14 -> 0 | H21: =Umsatzherleitung!I14 -> 0 | I21: =Umsatzherleitung!J14 -> 0 | ... N21: =Umsatzherleitung!O14 -> 0 | O21: =N27 -> 0 | P21: =N33 -> 0
A22: Umsatz aus Dienstleistungen | B22: =Umsatzherleitung!C136 -> 0 | C22: =Umsatzherleitung!D136 -> 0 | D22: =Umsatzherleitung!E136 -> 5760 | E22: =Umsatzherleitung!F136 -> 8370 | F22: =Umsatzherleitung!G136 -> 9110 | G22: =Umsatzherleitung!H136 -> 9240 | H22: =Umsatzherleitung!I136 -> 9470 | I22: =Umsatzherleitung!J136 -> 9600 | ... N22: =Umsatzherleitung!O136 -> 91410 | O22: =N28 -> 157227 | P22: =N34 -> 226116
A23: Gesamtumsätze | B23: =SUM(B21:B22) -> 0 | C23: =SUM(C21:C22) -> 0 | D23: =SUM(D21:D22) -> 5760 | E23: =SUM(E21:E22) -> 8370 | F23: =SUM(F21:F22) -> 9110 | G23: =SUM(G21:G22) -> 9240 | H23: =SUM(H21:H22) -> 9470 | I23: =SUM(I21:I22) -> 9600 | ... P23: =SUM(P21:P22) -> 226116 | S23: =N216 -> 56562.546 | T23: =O216 -> 88744.897 | U23: =P216 -> 109587.62
B25: 2. GJ
B26: 1. Monat | C26: 2. Monat | D26: 3. Monat | E26: 4. Monat | F26: 5. Monat | G26: 6. Monat | H26: 7. Monat | I26: 8. Monat | J26: 9. Monat | K26: 10. Monat | L26: 11. Monat | M26: 12. Monat | N26: Gesamt
A27: Umsatz aus Handelsprovisionen | B27: =Umsatzherleitung!C25 -> 0 | C27: =Umsatzherleitung!D25 -> 0 | D27: =Umsatzherleitung!E25 -> 0 | E27: =Umsatzherleitung!F25 -> 0 | F27: =Umsatzherleitung!G25 -> 0 | G27: =Umsatzherleitung!H25 -> 0 | H27: =Umsatzherleitung!I25 -> 0 | I27: =Umsatzherleitung!J25 -> 0 | ... N27: =Umsatzherleitung!O25 -> 0 | S27: =O21/N21-1 -> #DIV/0! | T27: =P21/O21-1 -> #DIV/0!
A28: Umsatz aus Dienstleistungen | B28: =Umsatzherleitung!C148 -> 9943.5 | C28: =Umsatzherleitung!D148 -> 10143 | D28: =Umsatzherleitung!E148 -> 10353 | E28: =Umsatzherleitung!F148 -> 10353 | F28: =Umsatzherleitung!G148 -> 10573.5 | G28: =Umsatzherleitung!H148 -> 10783.5 | H28: =Umsatzherleitung!I148 -> 14889 | I28: =Umsatzherleitung!J148 -> 15246 | ... N28: =Umsatzherleitung!O148 -> 157227 | S28: =O22/N22-1 -> 0.72001969 | T28: =P22/O22-1 -> 0.43814994
A29: Gesamtumsätze | B29: =SUM(B27:B28) -> 9943.5 | C29: =SUM(C27:C28) -> 10143 | D29: =SUM(D27:D28) -> 10353 | E29: =SUM(E27:E28) -> 10353 | F29: =SUM(F27:F28) -> 10573.5 | G29: =SUM(G27:G28) -> 10783.5 | H29: =SUM(H27:H28) -> 14889 | I29: =SUM(I27:I28) -> 15246 | ... N29: =SUM(N27:N28) -> 157227
B31: 3. GJ
B32: 1. Monat | C32: 2. Monat | D32: 3. Monat | E32: 4. Monat | F32: 5. Monat | G32: 6. Monat | H32: 7. Monat | I32: 8. Monat | J32: 9. Monat | K32: 10. Monat | L32: 11. Monat | M32: 12. Monat | N32: Gesamt
A33: Umsatz aus Handelsprovisionen | B33: =Umsatzherleitung!C36 -> 0 | C33: =Umsatzherleitung!D36 -> 0 | D33: =Umsatzherleitung!E36 -> 0 | E33: =Umsatzherleitung!F36 -> 0 | F33: =Umsatzherleitung!G36 -> 0 | G33: =Umsatzherleitung!H36 -> 0 | H33: =Umsatzherleitung!I36 -> 0 | I33: =Umsatzherleitung!J36 -> 0 | ... N33: =Umsatzherleitung!O36 -> 0
A34: Umsatz aus Dienstleistungen | B34: =Umsatzherleitung!C160 -> 16929 | C34: =Umsatzherleitung!D160 -> 17149 | D34: =Umsatzherleitung!E160 -> 17611 | E34: =Umsatzherleitung!F160 -> 17611 | F34: =Umsatzherleitung!G160 -> 17831 | G34: =Umsatzherleitung!H160 -> 18205 | H34: =Umsatzherleitung!I160 -> 18876 | I34: =Umsatzherleitung!J160 -> 19690 | ... N34: =Umsatzherleitung!O160 -> 226116
A35: Gesamtumsätze | B35: =SUM(B33:B34) -> 16929 | C35: =SUM(C33:C34) -> 17149 | D35: =SUM(D33:D34) -> 17611 | E35: =SUM(E33:E34) -> 17611 | F35: =SUM(F33:F34) -> 17831 | G35: =SUM(G33:G34) -> 18205 | H35: =SUM(H33:H34) -> 18876 | I35: =SUM(I33:I34) -> 19690 | ... N35: =SUM(N33:N34) -> 226116
A37: GHOST H | B37: =E15*$N$37 -> 0 | C37: =F15*$N$37 -> 0 | D37: =G15*$N$37 -> 0 | E37: =H15*$N$37 -> 0 | F37: =I15*$N$37 -> 0 | G37: =J15*$N$37 -> 0 | H37: =K15*$N$37 -> 0 | I37: =L15*$N$37 -> 0 | ... M37: =P15*$N$37 -> 0 | N37: 0
B38: =E16*$N$38 -> 0 | C38: =F16*$N$38 -> 0 | D38: =G16*$N$38 -> 0 | E38: =H16*$N$38 -> 0 | F38: =I16*$N$38 -> 0 | G38: =J16*$N$38 -> 0 | H38: =K16*$N$38 -> 0 | I38: =L16*$N$38 -> 0 | ... M38: =P16*$N$38 -> 0 | N38: 0
B39: =E16*$N$39 -> 0 | C39: =F16*$N$39 -> 0 | D39: =G16*$N$39 -> 0 | E39: =H16*$N$39 -> 0 | F39: =I16*$N$39 -> 0 | G39: =J16*$N$39 -> 0 | H39: =K16*$N$39 -> 0 | I39: =L16*$N$39 -> 0 | ... M39: =P16*$N$39 -> 0 | N39: 0
A41: GHOST B | B41: =E15*$N$41 -> 0 | C41: =F15*$N$41 -> 0 | D41: =G15*$N$41 -> 8000 | E41: =H15*$N$41 -> 9000 | F41: =I15*$N$41 -> 9500 | G41: =J15*$N$41 -> 9750 | H41: =K15*$N$41 -> 10000 | I41: =L15*$N$41 -> 10250 | ... M41: =P15*$N$41 -> 11250 | N41: 100000
B42: =E16*$N$42 -> 10500 | C42: =F16*$N$42 -> 10875 | D42: =G16*$N$42 -> 11250 | E42: =H16*$N$42 -> 11250 | F42: =I16*$N$42 -> 11625 | G42: =J16*$N$42 -> 12000 | H42: =K16*$N$42 -> 12750 | I42: =L16*$N$42 -> 13125 | ... M42: =P16*$N$42 -> 15000 | N42: 150000
B43: =E16*$N$43 -> 14700 | C43: =F16*$N$43 -> 15225 | D43: =G16*$N$43 -> 15750 | E43: =H16*$N$43 -> 15750 | F43: =I16*$N$43 -> 16275 | G43: =J16*$N$43 -> 16800 | H43: =K16*$N$43 -> 17850 | I43: =L16*$N$43 -> 18375 | ... M43: =P16*$N$43 -> 21000 | N43: 210000
A45: GHOST S | B45: =B37+B41 -> 0 | C45: =C37+C41 -> 0 | D45: =D37+D41 -> 8000 | E45: =E37+E41 -> 9000 | F45: =F37+F41 -> 9500 | G45: =G37+G41 -> 9750 | H45: =H37+H41 -> 10000 | I45: =I37+I41 -> 10250 | ... N45: =N37+N41 -> 100000
B46: =B38+B42 -> 10500 | C46: =C38+C42 -> 10875 | D46: =D38+D42 -> 11250 | E46: =E38+E42 -> 11250 | F46: =F38+F42 -> 11625 | G46: =G38+G42 -> 12000 | H46: =H38+H42 -> 12750 | I46: =I38+I42 -> 13125 | ... N46: =N38+N42 -> 150000
B47: =B39+B43 -> 14700 | C47: =C39+C43 -> 15225 | D47: =D39+D43 -> 15750 | E47: =E39+E43 -> 15750 | F47: =F39+F43 -> 16275 | G47: =G39+G43 -> 16800 | H47: =H39+H43 -> 17850 | I47: =I39+I43 -> 18375 | ... N47: =N39+N43 -> 210000
A49: Variable Kosten Handel (Durchschnitt)
B50: 1. GJ
B51: 1. Monat | C51: 2. Monat | D51: 3. Monat | E51: 4. Monat | F51: 5. Monat | G51: 6. Monat | H51: 7. Monat | I51: 8. Monat | J51: 9. Monat | K51: 10. Monat | L51: 11. Monat | M51: 12. Monat | N51: Gesamt | O51: 2. GJ | P51: 3. GJ
A52: Einkaufskosten als Prozentsatz des Umsatzes | B52: =O52 -> 0 | C52: =B52 -> 0 | D52: =C52 -> 0 | E52: =D52 -> 0 | F52: =E52 -> 0 | G52: =F52 -> 0 | H52: =G52 -> 0 | I52: =H52 -> 0 | J52: =I52 -> 0 | ... M52: =L52 -> 0 | N52: =AVERAGE(B52:M52) -> 0 | P52: 0 | Q52: 0 | S52: =S23 -> 56562.546 | T52: =T23 -> 88744.897 | U52: =U23 -> 109587.62
A53: Einkaufskosten (Ausgaben = Cashflow, 30 Tage Zahlungsziel) | B53: =B21*B52 -> 0 | C53: =C21*C52 -> 0 | D53: =D21*D52 -> 0 | E53: =E21*E52 -> 0 | F53: =F21*F52 -> 0 | G53: =G21*G52 -> 0 | H53: =H21*H52 -> 0 | I53: =I21*I52 -> 0 | ... M53: =M21*M52 -> 0 | N53: =SUM(B53:M53) -> 0
A54: Transportkosten in % | B54: 0.07 | C54: 0.07 | D54: 0.07 | E54: 0.07 | F54: 0.07 | G54: 0.07 | H54: 0.07 | I54: 0.07 | J54: 0.07 | K54: 0.07 | L54: 0.07 | M54: 0.07 | N54: =AVERAGE(B54:M54) -> 0.07
A55: Transportkosten | B55: =B54*B53 -> 0 | C55: =C54*C53 -> 0 | D55: =D54*D53 -> 0 | E55: =E54*E53 -> 0 | F55: =F54*F53 -> 0 | G55: =G54*G53 -> 0 | H55: =H54*H53 -> 0 | I55: =I54*I53 -> 0 | ... M55: =M54*M53 -> 0 | N55: =SUM(B55:M55) -> 0
A56: Lagerkosten (Warenlager) in % | B56: 0.02 | C56: 0.02 | D56: 0.02 | E56: 0.02 | F56: 0.02 | G56: 0.02 | H56: 0.02 | I56: 0.02 | J56: 0.02 | K56: 0.02 | L56: 0.02 | M56: 0.02 | N56: =AVERAGE(B56:M56) -> 0.02
A57: Lagerkosten (Warenlager) | B57: 0 | C57: =IF(C53>0,C53*C56+500,0) -> 0 | D57: =IF(D53>0,D53*D56+500,0) -> 0 | E57: =IF(E53>0,E53*E56+500,0) -> 0 | F57: =IF(F53>0,F53*F56+500,0) -> 0 | G57: =IF(G53>0,G53*G56+500,0) -> 0 | H57: =IF(H53>0,H53*H56+500,0) -> 0 | I57: =IF(I53>0,I53*I56+500,0) -> 0 | J57: =IF(J53>0,J53*J56+500,0) -> 0 | ... M57: =IF(M53>0,M53*M56+500,0) -> 0 | N57: =SUM(B57:M57) -> 0
A58: Verpackung und Betriebsstoffe in % | B58: 0.0225 | C58: 0.0225 | D58: 0.0225 | E58: 0.0225 | F58: 0.0225 | G58: 0.0225 | H58: 0.0225 | I58: 0.0225 | J58: 0.0225 | K58: 0.0225 | L58: 0.0225 | M58: 0.0225 | N58: =AVERAGE(B58:M58) -> 0.0225
A59: Verpackung und Betriebsstoffe | B59: =B58*B53 -> 0 | C59: =C58*C53 -> 0 | D59: =D58*D53 -> 0 | E59: =E58*E53 -> 0 | F59: =F58*F53 -> 0 | G59: =G58*G53 -> 0 | H59: =H58*H53 -> 0 | I59: =I58*I53 -> 0 | ... M59: =M58*M53 -> 0 | N59: =SUM(B59:M59) -> 0
A60: Versicherungskosten in % | B60: 0.027 | C60: 0.027 | D60: 0.027 | E60: 0.027 | F60: 0.027 | G60: 0.027 | H60: 0.027 | I60: 0.027 | J60: 0.027 | K60: 0.027 | L60: 0.027 | M60: 0.027 | N60: =AVERAGE(B60:M60) -> 0.027
A61: Versicherungskosten | B61: =B53*B60 -> 0 | C61: =C53*C60 -> 0 | D61: =D53*D60 -> 0 | E61: =E53*E60 -> 0 | F61: =F53*F60 -> 0 | G61: =G53*G60 -> 0 | H61: =H53*H60 -> 0 | I61: =I53*I60 -> 0 | ... M61: =M53*M60 -> 0 | N61: =SUM(B61:M61) -> 0
A62: Zölle in % | B62: 0 | C62: 0 | D62: 0 | E62: 0 | F62: 0 | G62: 0 | H62: 0 | I62: 0 | J62: 0 | K62: 0 | L62: 0 | M62: 0 | N62: =AVERAGE(B62:M62) -> 0
A63: Zölle | B63: =B62*B53 -> 0 | C63: =C62*C53 -> 0 | D63: =D62*D53 -> 0 | E63: =E62*E53 -> 0 | F63: =F62*F53 -> 0 | G63: =G62*G53 -> 0 | H63: =H62*H53 -> 0 | I63: =I62*I53 -> 0 | ... M63: =M62*M53 -> 0 | N63: =SUM(B63:M63) -> 0
A64: Gesamte variable Kosten | B64: =B53+B55+B57+B61+B63+B59 -> 0 | C64: =C53+C55+C57+C61+C63+C59 -> 0 | D64: =D53+D55+D57+D61+D63+D59 -> 0 | E64: =E53+E55+E57+E61+E63+E59 -> 0 | F64: =F53+F55+F57+F61+F63+F59 -> 0 | G64: =G53+G55+G57+G61+G63+G59 -> 0 | H64: =H53+H55+H57+H61+H63+H59 -> 0 | I64: =I53+I55+I57+I61+I63+I59 -> 0 | ... M64: =M53+M55+M57+M61+M63+M59 -> 0 | N64: =SUM(B64:M64) -> 0
B66: 2. GJ
B67: 1. Monat | C67: 2. Monat | D67: 3. Monat | E67: 4. Monat | F67: 5. Monat | G67: 6. Monat | H67: 7. Monat | I67: 8. Monat | J67: 9. Monat | K67: 10. Monat | L67: 11. Monat | M67: 12. Monat | N67: Gesamt
A68: Einkaufskosten als Prozentsatz des Umsatzes | B68: =P52 -> 0 | C68: =B68 -> 0 | D68: =C68 -> 0 | E68: =D68 -> 0 | F68: =E68 -> 0 | G68: =F68 -> 0 | H68: =G68 -> 0 | I68: =H68 -> 0 | J68: =I68 -> 0 | ... M68: =L68 -> 0 | N68: =AVERAGE(B68:M68) -> 0
A69: Einkaufskosten (Ausgaben = Cashflow, 30 Tage Zahlungsziel) | B69: =B27*B68 -> 0 | C69: =C27*C68 -> 0 | D69: =D27*D68 -> 0 | E69: =E27*E68 -> 0 | F69: =F27*F68 -> 0 | G69: =G27*G68 -> 0 | H69: =H27*H68 -> 0 | I69: =I27*I68 -> 0 | ... M69: =M27*M68 -> 0 | N69: =SUM(B69:M69) -> 0
A70: Transportkosten in % | B70: 0.07 | C70: 0.07 | D70: 0.07 | E70: 0.07 | F70: 0.07 | G70: 0.07 | H70: 0.07 | I70: 0.07 | J70: 0.07 | K70: 0.07 | L70: 0.07 | M70: 0.07 | N70: =AVERAGE(B70:M70) -> 0.07
A71: Transportkosten | B71: =B70*B69 -> 0 | C71: =C70*C69 -> 0 | D71: =D70*D69 -> 0 | E71: =E70*E69 -> 0 | F71: =F70*F69 -> 0 | G71: =G70*G69 -> 0 | H71: =H70*H69 -> 0 | I71: =I70*I69 -> 0 | ... M71: =M70*M69 -> 0 | N71: =SUM(B71:M71) -> 0
A72: Lagerkosten (Warenlager) in % | B72: 0.02 | C72: 0.02 | D72: 0.02 | E72: 0.02 | F72: 0.02 | G72: 0.02 | H72: 0.02 | I72: 0.02 | J72: 0.02 | K72: 0.02 | L72: 0.02 | M72: 0.02 | N72: =AVERAGE(B72:M72) -> 0.02
A73: Lagerkosten (Warenlager) | B73: 0 | C73: =IF(C69>0,C69*C72+500,0) -> 0 | D73: =IF(D69>0,D69*D72+500,0) -> 0 | E73: =IF(E69>0,E69*E72+500,0) -> 0 | F73: =IF(F69>0,F69*F72+500,0) -> 0 | G73: =IF(G69>0,G69*G72+500,0) -> 0 | H73: =IF(H69>0,H69*H72+500,0) -> 0 | I73: =IF(I69>0,I69*I72+500,0) -> 0 | J73: =IF(J69>0,J69*J72+500,0) -> 0 | ... M73: =IF(M69>0,M69*M72+500,0) -> 0 | N73: =SUM(B73:M73) -> 0
A74: Verpackung und Betriebsstoffe in % | B74: 0.0225 | C74: 0.0225 | D74: 0.0225 | E74: 0.0225 | F74: 0.0225 | G74: 0.0225 | H74: 0.0225 | I74: 0.0225 | J74: 0.0225 | K74: 0.0225 | L74: 0.0225 | M74: 0.0225 | N74: =AVERAGE(B74:M74) -> 0.0225
A75: Verpackung und Betriebsstoffe | B75: =B74*B69 -> 0 | C75: =C74*C69 -> 0 | D75: =D74*D69 -> 0 | E75: =E74*E69 -> 0 | F75: =F74*F69 -> 0 | G75: =G74*G69 -> 0 | H75: =H74*H69 -> 0 | I75: =I74*I69 -> 0 | ... M75: =M74*M69 -> 0 | N75: =SUM(B75:M75) -> 0
A76: Versicherungskosten in % | B76: 0.027 | C76: 0.027 | D76: 0.027 | E76: 0.027 | F76: 0.027 | G76: 0.027 | H76: 0.027 | I76: 0.027 | J76: 0.027 | K76: 0.027 | L76: 0.027 | M76: 0.027 | N76: =AVERAGE(B76:M76) -> 0.027
A77: Versicherungskosten | B77: =B69*B76 -> 0 | C77: =C69*C76 -> 0 | D77: =D69*D76 -> 0 | E77: =E69*E76 -> 0 | F77: =F69*F76 -> 0 | G77: =G69*G76 -> 0 | H77: =H69*H76 -> 0 | I77: =I69*I76 -> 0 | ... M77: =M69*M76 -> 0 | N77: =SUM(B77:M77) -> 0
A78: Zölle in % | B78: 0 | C78: 0 | D78: 0 | E78: 0 | F78: 0 | G78: 0 | H78: 0 | I78: 0 | J78: 0 | K78: 0 | L78: 0 | M78: 0 | N78: =AVERAGE(B78:M78) -> 0
A79: Zölle | B79: =B78*B69 -> 0 | C79: =C78*C69 -> 0 | D79: =D78*D69 -> 0 | E79: =E78*E69 -> 0 | F79: =F78*F69 -> 0 | G79: =G78*G69 -> 0 | H79: =H78*H69 -> 0 | I79: =I78*I69 -> 0 | ... M79: =M78*M69 -> 0 | N79: =SUM(B79:M79) -> 0
A80: Gesamte variable Kosten | B80: =B69+B71+B73+B77+B79+B75 -> 0 | C80: =C69+C71+C73+C77+C79+C75 -> 0 | D80: =D69+D71+D73+D77+D79+D75 -> 0 | E80: =E69+E71+E73+E77+E79+E75 -> 0 | F80: =F69+F71+F73+F77+F79+F75 -> 0 | G80: =G69+G71+G73+G77+G79+G75 -> 0 | H80: =H69+H71+H73+H77+H79+H75 -> 0 | I80: =I69+I71+I73+I77+I79+I75 -> 0 | ... M80: =M69+M71+M73+M77+M79+M75 -> 0 | N80: =SUM(B80:M80) -> 0
B82: 3. GJ
B83: 1. Monat | C83: 2. Monat | D83: 3. Monat | E83: 4. Monat | F83: 5. Monat | G83: 6. Monat | H83: 7. Monat | I83: 8. Monat | J83: 9. Monat | K83: 10. Monat | L83: 11. Monat | M83: 12. Monat | N83: Gesamt
A84: Einkaufskosten als Prozentsatz des Umsatzes | B84: =Q52 -> 0 | C84: =B84 -> 0 | D84: =C84 -> 0 | E84: =D84 -> 0 | F84: =E84 -> 0 | G84: =F84 -> 0 | H84: =G84 -> 0 | I84: =H84 -> 0 | J84: =I84 -> 0 | ... M84: =L84 -> 0 | N84: =AVERAGE(B84:M84) -> 0
A85: Einkaufskosten (Ausgaben = Cashflow, 30 Tage Zahlungsziel) | B85: =B33*B84 -> 0 | C85: =C33*C84 -> 0 | D85: =D33*D84 -> 0 | E85: =E33*E84 -> 0 | F85: =F33*F84 -> 0 | G85: =G33*G84 -> 0 | H85: =H33*H84 -> 0 | I85: =I33*I84 -> 0 | ... M85: =M33*M84 -> 0 | N85: =SUM(B85:M85) -> 0
A86: Transportkosten in % | B86: 0.07 | C86: 0.07 | D86: 0.07 | E86: 0.07 | F86: 0.07 | G86: 0.07 | H86: 0.07 | I86: 0.07 | J86: 0.07 | K86: 0.07 | L86: 0.07 | M86: 0.07 | N86: =AVERAGE(B86:M86) -> 0.07
A87: Transportkosten | B87: =B86*B85 -> 0 | C87: =C86*C85 -> 0 | D87: =D86*D85 -> 0 | E87: =E86*E85 -> 0 | F87: =F86*F85 -> 0 | G87: =G86*G85 -> 0 | H87: =H86*H85 -> 0 | I87: =I86*I85 -> 0 | ... M87: =M86*M85 -> 0 | N87: =SUM(B87:M87) -> 0
A88: Lagerkosten (Warenlager) in % | B88: 0.02 | C88: 0.02 | D88: 0.02 | E88: 0.02 | F88: 0.02 | G88: 0.02 | H88: 0.02 | I88: 0.02 | J88: 0.02 | K88: 0.02 | L88: 0.02 | M88: 0.02 | N88: =AVERAGE(B88:M88) -> 0.02
A89: Lagerkosten (Warenlager) | B89: 0 | C89: =IF(C85>0,C85*C88+500,0) -> 0 | D89: =IF(D85>0,D85*D88+500,0) -> 0 | E89: =IF(E85>0,E85*E88+500,0) -> 0 | F89: =IF(F85>0,F85*F88+500,0) -> 0 | G89: =IF(G85>0,G85*G88+500,0) -> 0 | H89: =IF(H85>0,H85*H88+500,0) -> 0 | I89: =IF(I85>0,I85*I88+500,0) -> 0 | J89: =IF(J85>0,J85*J88+500,0) -> 0 | ... N89: =IF(N85>0,N85*N88+500,0) -> 0
A90: Verpackung und Betriebsstoffe in % | B90: 0.0225 | C90: 0.0225 | D90: 0.0225 | E90: 0.0225 | F90: 0.0225 | G90: 0.0225 | H90: 0.0225 | I90: 0.0225 | J90: 0.0225 | K90: 0.0225 | L90: 0.0225 | M90: 0.0225 | N90: =AVERAGE(B90:M90) -> 0.0225
A91: Verpackung und Betriebsstoffe | B91: =B90*B85 -> 0 | C91: =C90*C85 -> 0 | D91: =D90*D85 -> 0 | E91: =E90*E85 -> 0 | F91: =F90*F85 -> 0 | G91: =G90*G85 -> 0 | H91: =H90*H85 -> 0 | I91: =I90*I85 -> 0 | ... M91: =M90*M85 -> 0 | N91: =SUM(B91:M91) -> 0
A92: Versicherungskosten in % | B92: 0.027 | C92: 0.027 | D92: 0.027 | E92: 0.027 | F92: 0.027 | G92: 0.027 | H92: 0.027 | I92: 0.027 | J92: 0.027 | K92: 0.027 | L92: 0.027 | M92: 0.027 | N92: =AVERAGE(B92:M92) -> 0.027
A93: Versicherungskosten | B93: =B85*B92 -> 0 | C93: =C85*C92 -> 0 | D93: =D85*D92 -> 0 | E93: =E85*E92 -> 0 | F93: =F85*F92 -> 0 | G93: =G85*G92 -> 0 | H93: =H85*H92 -> 0 | I93: =I85*I92 -> 0 | ... M93: =M85*M92 -> 0 | N93: =SUM(B93:M93) -> 0
A94: Zölle in % | B94: 0 | C94: 0 | D94: 0 | E94: 0 | F94: 0 | G94: 0 | H94: 0 | I94: 0 | J94: 0 | K94: 0 | L94: 0 | M94: 0 | N94: =AVERAGE(B94:M94) -> 0
A95: Zölle | B95: =B94*B85 -> 0 | C95: =C94*C85 -> 0 | D95: =D94*D85 -> 0 | E95: =E94*E85 -> 0 | F95: =F94*F85 -> 0 | G95: =G94*G85 -> 0 | H95: =H94*H85 -> 0 | I95: =I94*I85 -> 0 | ... M95: =M94*M85 -> 0 | N95: =SUM(B95:M95) -> 0
A96: Gesamte variable Kosten | B96: =B85+B87+B89+B93+B95+B91 -> 0 | C96: =C85+C87+C89+C93+C95+C91 -> 0 | D96: =D85+D87+D89+D93+D95+D91 -> 0 | E96: =E85+E87+E89+E93+E95+E91 -> 0 | F96: =F85+F87+F89+F93+F95+F91 -> 0 | G96: =G85+G87+G89+G93+G95+G91 -> 0 | H96: =H85+H87+H89+H93+H95+H91 -> 0 | I96: =I85+I87+I89+I93+I95+I91 -> 0 | ... M96: =M85+M87+M89+M93+M95+M91 -> 0 | N96: =SUM(B96:M96) -> 0
A98: Inventar
B99: 1. Monat | C99: 2. Monat | D99: 3. Monat | E99: 4. Monat | F99: 5. Monat | G99: 6. Monat | H99: 7. Monat | I99: 8. Monat | J99: 9. Monat | K99: 10. Monat | L99: 11. Monat | M99: 12. Monat | N99: 1. GJ | O99: 2. GJ | P99: 3. GJ
A100: Inventar (durchschnittliche Lagerdauer: 30 Tage) | B100: =C21*C52 -> 0 | C100: =D21*D52 -> 0 | D100: =E21*E52 -> 0 | E100: =F21*F52 -> 0 | F100: =G21*G52 -> 0 | G100: =H21*H52 -> 0 | H100: =I21*I52 -> 0 | I100: =J21*J52 -> 0 | ... L100: =M21*M52 -> 0 | M100: =P52*N69*(1/12) -> 0 | N100: =M100 -> 0 | O100: =(1/12)*Q52*N85 -> 0 | P100: =(1/12)*Q52*1.3*N85 -> 0
A102: Variable Kosten Dienstleistungen (Durchschnitt)
B103: 1. GJ | O103: 2. GJ | P103: 3. GJ
B104: 1. Monat | C104: 2. Monat | D104: 3. Monat | E104: 4. Monat | F104: 5. Monat | G104: 6. Monat | H104: 7. Monat | I104: 8. Monat | J104: 9. Monat | K104: 10. Monat | L104: 11. Monat | M104: 12. Monat | N104: Gesamt* | O104: Gesamt* | P104: Gesamt*
A105: Fahrtkosten (in % vom Umsatz) | B105: 0 | C105: 0 | D105: 0 | E105: 0 | F105: 0 | G105: 0 | H105: 0 | I105: 0 | J105: 0 | K105: 0 | L105: 0 | M105: =L105 -> 0 | N105: =AVERAGE(B105:M105) -> 0 | O105: 0 | P105: 0
A106: Fahrtkosten | B106: 100 | C106: 150 | D106: 200 | E106: 200 | F106: 200 | G106: 200 | H106: 200 | I106: 200 | J106: 200 | K106: 200 | L106: 200 | M106: 200 | N106: =SUM(B106:M106) -> 2250 | O106: =250*12 -> 3000 | P106: 3200
A107: Unterrichtsmaterialien (in % vom Umsatz) | B107: 0.02 | C107: =B107 -> 0.02 | D107: =C107 -> 0.02 | E107: =D107 -> 0.02 | F107: =E107 -> 0.02 | G107: =F107 -> 0.02 | H107: =G107 -> 0.02 | I107: =H107 -> 0.02 | J107: =I107 -> 0.02 | ... M107: =L107 -> 0.02 | N107: =AVERAGE(B107:M107) -> 0.02 | O107: 0.02 | P107: 0.02
A108: Unterrichtsmaterialien | B108: =B$22*B107 -> 0 | C108: =C$22*C107 -> 0 | D108: =D$22*D107 -> 115.2 | E108: =E$22*E107 -> 167.4 | F108: =F$22*F107 -> 182.2 | G108: =G$22*G107 -> 184.8 | H108: =H$22*H107 -> 189.4 | I108: =I$22*I107 -> 192 | ... M108: =M$22*M107 -> 204 | N108: =SUM(B108:M108) -> 1828.2 | O108: =O$22*O107 -> 3144.54 | P108: =P$22*P107 -> 4522.32
A109: Miete für Unterrichsträume und externe Subunternehmen, z.B. Saalbau-Konzertsäle (in % vom Umsatz) | B109: 0.1 | C109: =B109 -> 0.1 | D109: =C109 -> 0.1 | E109: =D109 -> 0.1 | F109: =E109 -> 0.1 | G109: =F109 -> 0.1 | H109: =G109 -> 0.1 | I109: =H109 -> 0.1 | J109: =I109 -> 0.1 | ... M109: =L109 -> 0.1 | N109: =AVERAGE(B109:M109) -> 0.1 | O109: 0.12 | P109: 0.2
A110: Kosten für Miete und externe Subunternehmen | B110: =B$22*B109 -> 0 | C110: =C$22*C109 -> 0 | D110: =D$22*D109 -> 576 | E110: =E$22*E109 -> 837 | F110: =F$22*F109 -> 911 | G110: =G$22*G109 -> 924 | H110: =H$22*H109 -> 947 | I110: =I$22*I109 -> 960 | ... M110: =M$22*M109 -> 1020 | N110: =SUM(B110:M110) -> 9141 | O110: =O$22*O109 -> 18867.24 | P110: =P$22*P109 -> 45223.2
A111: Know-How, z.B. Weiterbildung, Software-Tools u.a. (in % vom Umsatz) | B111: 0.02 | C111: =B111 -> 0.02 | D111: =C111 -> 0.02 | E111: =D111 -> 0.02 | F111: =E111 -> 0.02 | G111: =F111 -> 0.02 | H111: =G111 -> 0.02 | I111: =H111 -> 0.02 | J111: =I111 -> 0.02 | ... M111: =L111 -> 0.02 | N111: =AVERAGE(B111:M111) -> 0.02 | O111: 0.02 | P111: 0.02
A112: Know-How | B112: =B$22*B111 -> 0 | C112: =C$22*C111 -> 0 | D112: =D$22*D111 -> 115.2 | E112: =E$22*E111 -> 167.4 | F112: =F$22*F111 -> 182.2 | G112: =G$22*G111 -> 184.8 | H112: =H$22*H111 -> 189.4 | I112: =I$22*I111 -> 192 | ... M112: =M$22*M111 -> 204 | N112: =SUM(B112:M112) -> 1828.2 | O112: =O$22*O111 -> 3144.54 | P112: =P$22*P111 -> 4522.32
A113: Miete für Ausrüstung (in % vom Umsatz) | B113: 0.05 | C113: =B113 -> 0.05 | D113: =C113 -> 0.05 | E113: =D113 -> 0.05 | F113: =E113 -> 0.05 | G113: =F113 -> 0.05 | H113: =G113 -> 0.05 | I113: =H113 -> 0.05 | J113: =I113 -> 0.05 | ... M113: =L113 -> 0.05 | N113: =AVERAGE(B113:M113) -> 0.05 | O113: 0.05 | P113: 0.05
...

Sheet Umsatzherleitung
A1: Finanzielle Planung der selbstständigen Tätigkeit XXX - Umsatzplan
A3: Umsatz aus Handelsvermittlung
B5: 1. GJ
B6: Anteil | C6: 1. Monat | D6: 2. Monat | E6: 3. Monat | F6: 4. Monat | G6: 5. Monat | H6: 6. Monat | I6: 7. Monat | J6: 8. Monat | K6: 9. Monat | L6: 10. Monat | M6: 11. Monat | N6: 12. Monat | O6: Gesamt
A7: =A45 -> Fassadenelemente | B7: =O7/$O$14 -> #DIV/0! | C7: =C45*0.1 -> 0 | D7: =D45*0.1 -> 0 | E7: =E45*0.1 -> 0 | F7: =F45*0.1 -> 0 | G7: =G45*0.1 -> 0 | H7: =H45*0.1 -> 0 | I7: =I45*0.1 -> 0 | J7: =J45*0.1 -> 0 | ... O7: =O45*0.1 -> 0
A8: =A46 -> Fensterelemente | B8: =O8/$O$14 -> #DIV/0! | C8: =C46*0.1 -> 0 | D8: =D46*0.1 -> 0 | E8: =E46*0.1 -> 0 | F8: =F46*0.1 -> 0 | G8: =G46*0.1 -> 0 | H8: =H46*0.1 -> 0 | I8: =I46*0.1 -> 0 | J8: =J46*0.1 -> 0 | ... O8: =O46*0.1 -> 0
A9: =A47 -> Türelemente | B9: =O9/$O$14 -> #DIV/0! | C9: =C47*0.1 -> 0 | D9: =D47*0.1 -> 0 | E9: =E47*0.1 -> 0 | F9: =F47*0.1 -> 0 | G9: =G47*0.1 -> 0 | H9: =H47*0.1 -> 0 | I9: =I47*0.1 -> 0 | J9: =J47*0.1 -> 0 | ... O9: =O47*0.1 -> 0
A10: =A48 -> Dämmstoffe | B10: =O10/$O$14 -> #DIV/0! | C10: =C48*0.1 -> 0 | D10: =D48*0.1 -> 0 | E10: =E48*0.1 -> 0 | F10: =F48*0.1 -> 0 | G10: =G48*0.1 -> 0 | H10: =H48*0.1 -> 0 | I10: =I48*0.1 -> 0 | J10: =J48*0.1 -> 0 | ... O10: =O48*0.1 -> 0
A11: =A49 -> Dichtstoffe | B11: =O11/$O$14 -> #DIV/0! | C11: =C49*0.1 -> 0 | D11: =D49*0.1 -> 0 | E11: =E49*0.1 -> 0 | F11: =F49*0.1 -> 0 | G11: =G49*0.1 -> 0 | H11: =H49*0.1 -> 0 | I11: =I49*0.1 -> 0 | J11: =J49*0.1 -> 0 | ... O11: =O49*0.1 -> 0
A12: =A50 -> Baustoffzusätze | B12: =O12/$O$14 -> #DIV/0! | C12: =C50*0.1 -> 0 | D12: =D50*0.1 -> 0 | E12: =E50*0.1 -> 0 | F12: =F50*0.1 -> 0 | G12: =G50*0.1 -> 0 | H12: =H50*0.1 -> 0 | I12: =I50*0.1 -> 0 | J12: =J50*0.1 -> 0 | ... O12: =O50*0.1 -> 0
A13: =A51 -> Sonstiges | B13: =O13/$O$14 -> #DIV/0! | C13: =C51*0.1 -> 0 | D13: =D51*0.1 -> 0 | E13: =E51*0.1 -> 0 | F13: =F51*0.1 -> 0 | G13: =G51*0.1 -> 0 | H13: =H51*0.1 -> 0 | I13: =I51*0.1 -> 0 | J13: =J51*0.1 -> 0 | ... O13: =O51*0.1 -> 0
A14: Summe Umsatz | B14: =SUM(B7:B12) -> #DIV/0! | C14: =SUM(C7:C13) -> 0 | D14: =SUM(D7:D13) -> 0 | E14: =SUM(E7:E13) -> 0 | F14: =SUM(F7:F13) -> 0 | G14: =SUM(G7:G13) -> 0 | H14: =SUM(H7:H13) -> 0 | I14: =SUM(I7:I13) -> 0 | J14: =SUM(J7:J13) -> 0 | ... O14: =SUM(O7:O13) -> 0
B16: 2. GJ
B17: Anteil | C17: 1. Monat | D17: 2. Monat | E17: 3. Monat | F17: 4. Monat | G17: 5. Monat | H17: 6. Monat | I17: 7. Monat | J17: 8. Monat | K17: 9. Monat | L17: 10. Monat | M17: 11. Monat | N17: 12. Monat | O17: Gesamt
A18: =A7 -> Fassadenelemente | B18: =O18/$O$25 -> #DIV/0! | C18: =C57*0.1 -> 0 | D18: =D57*0.1 -> 0 | E18: =E57*0.1 -> 0 | F18: =F57*0.1 -> 0 | G18: =G57*0.1 -> 0 | H18: =H57*0.1 -> 0 | I18: =I57*0.1 -> 0 | J18: =J57*0.1 -> 0 | ... O18: =O57*0.1 -> 0
A19: =A8 -> Fensterelemente | B19: =O19/$O$25 -> #DIV/0! | C19: =C58*0.1 -> 0 | D19: =D58*0.1 -> 0 | E19: =E58*0.1 -> 0 | F19: =F58*0.1 -> 0 | G19: =G58*0.1 -> 0 | H19: =H58*0.1 -> 0 | I19: =I58*0.1 -> 0 | J19: =J58*0.1 -> 0 | ... O19: =O58*0.1 -> 0
A20: =A9 -> Türelemente | B20: =O20/$O$25 -> #DIV/0! | C20: =C59*0.1 -> 0 | D20: =D59*0.1 -> 0 | E20: =E59*0.1 -> 0 | F20: =F59*0.1 -> 0 | G20: =G59*0.1 -> 0 | H20: =H59*0.1 -> 0 | I20: =I59*0.1 -> 0 | J20: =J59*0.1 -> 0 | ... O20: =O59*0.1 -> 0
A21: =A10 -> Dämmstoffe | B21: =O21/$O$25 -> #DIV/0! | C21: =C60*0.1 -> 0 | D21: =D60*0.1 -> 0 | E21: =E60*0.1 -> 0 | F21: =F60*0.1 -> 0 | G21: =G60*0.1 -> 0 | H21: =H60*0.1 -> 0 | I21: =I60*0.1 -> 0 | J21: =J60*0.1 -> 0 | ... O21: =O60*0.1 -> 0
A22: =A11 -> Dichtstoffe | B22: =O22/$O$25 -> #DIV/0! | C22: =C61*0.1 -> 0 | D22: =D61*0.1 -> 0 | E22: =E61*0.1 -> 0 | F22: =F61*0.1 -> 0 | G22: =G61*0.1 -> 0 | H22: =H61*0.1 -> 0 | I22: =I61*0.1 -> 0 | J22: =J61*0.1 -> 0 | ... O22: =O61*0.1 -> 0
A23: =A12 -> Baustoffzusätze | B23: =O23/$O$25 -> #DIV/0! | C23: =C62*0.1 -> 0 | D23: =D62*0.1 -> 0 | E23: =E62*0.1 -> 0 | F23: =F62*0.1 -> 0 | G23: =G62*0.1 -> 0 | H23: =H62*0.1 -> 0 | I23: =I62*0.1 -> 0 | J23: =J62*0.1 -> 0 | ... O23: =O62*0.1 -> 0
A24: =A13 -> Sonstiges | B24: =O24/$O$25 -> #DIV/0! | C24: =C63*0.1 -> 0 | D24: =D63*0.1 -> 0 | E24: =E63*0.1 -> 0 | F24: =F63*0.1 -> 0 | G24: =G63*0.1 -> 0 | H24: =H63*0.1 -> 0 | I24: =I63*0.1 -> 0 | J24: =J63*0.1 -> 0 | ... O24: =O63*0.1 -> 0
A25: Summe Umsatz | B25: =SUM(B18:B23) -> #DIV/0! | C25: =SUM(C18:C24) -> 0 | D25: =SUM(D18:D24) -> 0 | E25: =SUM(E18:E24) -> 0 | F25: =SUM(F18:F24) -> 0 | G25: =SUM(G18:G24) -> 0 | H25: =SUM(H18:H24) -> 0 | I25: =SUM(I18:I24) -> 0 | J25: =SUM(J18:J24) -> 0 | ... O25: =SUM(O18:O24) -> 0
B27: 3. GJ
B28: Anteil | C28: 1. Monat | D28: 2. Monat | E28: 3. Monat | F28: 4. Monat | G28: 5. Monat | H28: 6. Monat | I28: 7. Monat | J28: 8. Monat | K28: 9. Monat | L28: 10. Monat | M28: 11. Monat | N28: 12. Monat | O28: Gesamt
A29: =A7 -> Fassadenelemente | B29: =O29/$O$36 -> #DIV/0! | C29: =C69*0.1 -> 0 | D29: =D69*0.1 -> 0 | E29: =E69*0.1 -> 0 | F29: =F69*0.1 -> 0 | G29: =G69*0.1 -> 0 | H29: =H69*0.1 -> 0 | I29: =I69*0.1 -> 0 | J29: =J69*0.1 -> 0 | ... O29: =O69*0.1 -> 0
A30: =A8 -> Fensterelemente | B30: =O30/$O$36 -> #DIV/0! | C30: =C70*0.1 -> 0 | D30: =D70*0.1 -> 0 | E30: =E70*0.1 -> 0 | F30: =F70*0.1 -> 0 | G30: =G70*0.1 -> 0 | H30: =H70*0.1 -> 0 | I30: =I70*0.1 -> 0 | J30: =J70*0.1 -> 0 | ... O30: =O70*0.1 -> 0
A31: =A9 -> Türelemente | B31: =O31/$O$36 -> #DIV/0! | C31: =C71*0.1 -> 0 | D31: =D71*0.1 -> 0 | E31: =E71*0.1 -> 0 | F31: =F71*0.1 -> 0 | G31: =G71*0.1 -> 0 | H31: =H71*0.1 -> 0 | I31: =I71*0.1 -> 0 | J31: =J71*0.1 -> 0 | ... O31: =O71*0.1 -> 0
A32: =A10 -> Dämmstoffe | B32: =O32/$O$36 -> #DIV/0! | C32: =C72*0.1 -> 0 | D32: =D72*0.1 -> 0 | E32: =E72*0.1 -> 0 | F32: =F72*0.1 -> 0 | G32: =G72*0.1 -> 0 | H32: =H72*0.1 -> 0 | I32: =I72*0.1 -> 0 | J32: =J72*0.1 -> 0 | ... O32: =O72*0.1 -> 0
A33: =A11 -> Dichtstoffe | B33: =O33/$O$36 -> #DIV/0! | C33: =C73*0.1 -> 0 | D33: =D73*0.1 -> 0 | E33: =E73*0.1 -> 0 | F33: =F73*0.1 -> 0 | G33: =G73*0.1 -> 0 | H33: =H73*0.1 -> 0 | I33: =I73*0.1 -> 0 | J33: =J73*0.1 -> 0 | ... O33: =O73*0.1 -> 0
A34: =A12 -> Baustoffzusätze | B34: =O34/$O$36 -> #DIV/0! | C34: =C74*0.1 -> 0 | D34: =D74*0.1 -> 0 | E34: =E74*0.1 -> 0 | F34: =F74*0.1 -> 0 | G34: =G74*0.1 -> 0 | H34: =H74*0.1 -> 0 | I34: =I74*0.1 -> 0 | J34: =J74*0.1 -> 0 | ... O34: =O74*0.1 -> 0
A35: =A13 -> Sonstiges | B35: =O35/$O$36 -> #DIV/0! | C35: =C75*0.1 -> 0 | D35: =D75*0.1 -> 0 | E35: =E75*0.1 -> 0 | F35: =F75*0.1 -> 0 | G35: =G75*0.1 -> 0 | H35: =H75*0.1 -> 0 | I35: =I75*0.1 -> 0 | J35: =J75*0.1 -> 0 | ... O35: =O75*0.1 -> 0
A36: Summe Umsatz | B36: =SUM(B29:B34) -> #DIV/0! | C36: =SUM(C29:C35) -> 0 | D36: =SUM(D29:D35) -> 0 | E36: =SUM(E29:E35) -> 0 | F36: =SUM(F29:F35) -> 0 | G36: =SUM(G29:G35) -> 0 | H36: =SUM(H29:H35) -> 0 | I36: =SUM(I29:I35) -> 0 | J36: =SUM(J29:J35) -> 0 | ... O36: =SUM(O29:O35) -> 0
A38: Volumen der Handelsvermittlung
B40: 1. GJ
B41: Anteil | C41: 1. Monat | D41: 2. Monat | E41: 3. Monat | F41: 4. Monat | G41: 5. Monat | H41: 6. Monat | I41: 7. Monat | J41: 8. Monat | K41: 9. Monat | L41: 10. Monat | M41: 11. Monat | N41: 12. Monat | O41: Gesamt
A42: Tischdecken | B42: 0 | C42: =Finanzplan!B$21*Umsatzherleitung!$B42 -> 0 | D42: =Finanzplan!C$21*Umsatzherleitung!$B42 -> 0 | E42: =Finanzplan!D$21*Umsatzherleitung!$B42 -> 0 | F42: =Finanzplan!E$21*Umsatzherleitung!$B42 -> 0 | G42: =Finanzplan!F$21*Umsatzherleitung!$B42 -> 0 | H42: =Finanzplan!G$21*Umsatzherleitung!$B42 -> 0 | I42: =Finanzplan!H$21*Umsatzherleitung!$B42 -> 0 | J42: =Finanzplan!I$21*Umsatzherleitung!$B42 -> 0 | ... O42: =Finanzplan!N$21*Umsatzherleitung!$B42 -> 0
A43: Holzschüsseln | B43: 0 | C43: =Finanzplan!B$21*Umsatzherleitung!$B43 -> 0 | D43: =Finanzplan!C$21*Umsatzherleitung!$B43 -> 0 | E43: =Finanzplan!D$21*Umsatzherleitung!$B43 -> 0 | F43: =Finanzplan!E$21*Umsatzherleitung!$B43 -> 0 | G43: =Finanzplan!F$21*Umsatzherleitung!$B43 -> 0 | H43: =Finanzplan!G$21*Umsatzherleitung!$B43 -> 0 | I43: =Finanzplan!H$21*Umsatzherleitung!$B43 -> 0 | J43: =Finanzplan!I$21*Umsatzherleitung!$B43 -> 0 | ... O43: =Finanzplan!N$21*Umsatzherleitung!$B43 -> 0
A44: Glasschüsseln | B44: 0 | C44: =Finanzplan!B$21*Umsatzherleitung!$B44 -> 0 | D44: =Finanzplan!C$21*Umsatzherleitung!$B44 -> 0 | E44: =Finanzplan!D$21*Umsatzherleitung!$B44 -> 0 | F44: =Finanzplan!E$21*Umsatzherleitung!$B44 -> 0 | G44: =Finanzplan!F$21*Umsatzherleitung!$B44 -> 0 | H44: =Finanzplan!G$21*Umsatzherleitung!$B44 -> 0 | I44: =Finanzplan!H$21*Umsatzherleitung!$B44 -> 0 | J44: =Finanzplan!I$21*Umsatzherleitung!$B44 -> 0 | ... O44: =Finanzplan!N$21*Umsatzherleitung!$B44 -> 0
A45: =A83 -> Fassadenelemente | B45: =O45/$O$52 -> #DIV/0! | C45: =$C83*B94 -> 0 | D45: =$C83*C94 -> 0 | E45: =$C83*D94 -> 0 | F45: =$C83*E94 -> 0 | G45: =$C83*F94 -> 0 | H45: =$C83*G94 -> 0 | I45: =$C83*H94 -> 0 | J45: =$C83*I94 -> 0 | ... N45: =$C83*M94 -> 0 | O45: =SUM(C45:N45) -> 0
A46: =A84 -> Fensterelemente | B46: =O46/$O$52 -> #DIV/0! | C46: =$C84*B95 -> 0 | D46: =$C84*C95 -> 0 | E46: =$C84*D95 -> 0 | F46: =$C84*E95 -> 0 | G46: =$C84*F95 -> 0 | H46: =$C84*G95 -> 0 | I46: =$C84*H95 -> 0 | J46: =$C84*I95 -> 0 | ... N46: =$C84*M95 -> 0 | O46: =SUM(C46:N46) -> 0
A47: =A85 -> Türelemente | B47: =O47/$O$52 -> #DIV/0! | C47: =$C85*B96 -> 0 | D47: =$C85*C96 -> 0 | E47: =$C85*D96 -> 0 | F47: =$C85*E96 -> 0 | G47: =$C85*F96 -> 0 | H47: =$C85*G96 -> 0 | I47: =$C85*H96 -> 0 | J47: =$C85*I96 -> 0 | ... N47: =$C85*M96 -> 0 | O47: =SUM(C47:N47) -> 0
A48: =A86 -> Dämmstoffe | B48: =O48/$O$52 -> #DIV/0! | C48: =$C86*B97 -> 0 | D48: =$C86*C97 -> 0 | E48: =$C86*D97 -> 0 | F48: =$C86*E97 -> 0 | G48: =$C86*F97 -> 0 | H48: =$C86*G97 -> 0 | I48: =$C86*H97 -> 0 | J48: =$C86*I97 -> 0 | ... N48: =$C86*M97 -> 0 | O48: =SUM(C48:N48) -> 0
A49: =A87 -> Dichtstoffe | B49: =O49/$O$52 -> #DIV/0! | C49: =$C87*B98 -> 0 | D49: =$C87*C98 -> 0 | E49: =$C87*D98 -> 0 | F49: =$C87*E98 -> 0 | G49: =$C87*F98 -> 0 | H49: =$C87*G98 -> 0 | I49: =$C87*H98 -> 0 | J49: =$C87*I98 -> 0 | ... N49: =$C87*M98 -> 0 | O49: =SUM(C49:N49) -> 0
A50: =A88 -> Baustoffzusätze | B50: =O50/$O$52 -> #DIV/0! | C50: =$C88*B99 -> 0 | D50: =$C88*C99 -> 0 | E50: =$C88*D99 -> 0 | F50: =$C88*E99 -> 0 | G50: =$C88*F99 -> 0 | H50: =$C88*G99 -> 0 | I50: =$C88*H99 -> 0 | J50: =$C88*I99 -> 0 | ... N50: =$C88*M99 -> 0 | O50: =SUM(C50:N50) -> 0
A51: =A89 -> Sonstiges | B51: =O51/$O$52 -> #DIV/0! | C51: =$C89*B100 -> 0 | D51: =$C89*C100 -> 0 | E51: =$C89*D100 -> 0 | F51: =$C89*E100 -> 0 | G51: =$C89*F100 -> 0 | H51: =$C89*G100 -> 0 | I51: =$C89*H100 -> 0 | J51: =$C89*I100 -> 0 | ... N51: =$C89*M100 -> 0 | O51: =SUM(C51:N51) -> 0
A52: Summe Umsatz | B52: =SUM(B42:B50) -> #DIV/0! | C52: =SUM(C45:C51) -> 0 | D52: =SUM(D45:D51) -> 0 | E52: =SUM(E45:E51) -> 0 | F52: =SUM(F45:F51) -> 0 | G52: =SUM(G45:G51) -> 0 | H52: =SUM(H45:H51) -> 0 | I52: =SUM(I45:I51) -> 0 | J52: =SUM(J45:J51) -> 0 | ... O52: =SUM(O45:O51) -> 0
A53: =[1]Finanzplan!A26 -> Umsatz aus Handelsgeschäft GHOST | C53: =Finanzplan!B37 -> 0 | D53: =Finanzplan!C37 -> 0 | E53: =Finanzplan!D37 -> 0 | F53: =Finanzplan!E37 -> 0 | G53: =Finanzplan!F37 -> 0 | H53: =Finanzplan!G37 -> 0 | I53: =Finanzplan!H37 -> 0 | J53: =Finanzplan!I37 -> 0 | ... O53: =Finanzplan!N37 -> 0
B55: 2. GJ
B56: Anteil | C56: 1. Monat | D56: 2. Monat | E56: 3. Monat | F56: 4. Monat | G56: 5. Monat | H56: 6. Monat | I56: 7. Monat | J56: 8. Monat | K56: 9. Monat | L56: 10. Monat | M56: 11. Monat | N56: 12. Monat | O56: Gesamt
A57: =A45 -> Fassadenelemente | B57: =O57/$O$64 -> #DIV/0! | C57: =$D83*B105 -> 0 | D57: =$D83*C105 -> 0 | E57: =$D83*D105 -> 0 | F57: =$D83*E105 -> 0 | G57: =$D83*F105 -> 0 | H57: =$D83*G105 -> 0 | I57: =$D83*H105 -> 0 | J57: =$D83*I105 -> 0 | ... N57: =$D83*M105 -> 0 | O57: =SUM(C57:N57) -> 0
A58: =A46 -> Fensterelemente | B58: =O58/$O$64 -> #DIV/0! | C58: =$D84*B106 -> 0 | D58: =$D84*C106 -> 0 | E58: =$D84*D106 -> 0 | F58: =$D84*E106 -> 0 | G58: =$D84*F106 -> 0 | H58: =$D84*G106 -> 0 | I58: =$D84*H106 -> 0 | J58: =$D84*I106 -> 0 | ... N58: =$D84*M106 -> 0 | O58: =SUM(C58:N58) -> 0
A59: =A47 -> Türelemente | B59: =O59/$O$64 -> #DIV/0! | C59: =$D85*B107 -> 0 | D59: =$D85*C107 -> 0 | E59: =$D85*D107 -> 0 | F59: =$D85*E107 -> 0 | G59: =$D85*F107 -> 0 | H59: =$D85*G107 -> 0 | I59: =$D85*H107 -> 0 | J59: =$D85*I107 -> 0 | ... N59: =$D85*M107 -> 0 | O59: =SUM(C59:N59) -> 0
A60: =A48 -> Dämmstoffe | B60: =O60/$O$64 -> #DIV/0! | C60: =$D86*B108 -> 0 | D60: =$D86*C108 -> 0 | E60: =$D86*D108 -> 0 | F60: =$D86*E108 -> 0 | G60: =$D86*F108 -> 0 | H60: =$D86*G108 -> 0 | I60: =$D86*H108 -> 0 | J60: =$D86*I108 -> 0 | ... N60: =$D86*M108 -> 0 | O60: =SUM(C60:N60) -> 0
A61: =A49 -> Dichtstoffe | B61: =O61/$O$64 -> #DIV/0! | C61: =$D87*B109 -> 0 | D61: =$D87*C109 -> 0 | E61: =$D87*D109 -> 0 | F61: =$D87*E109 -> 0 | G61: =$D87*F109 -> 0 | H61: =$D87*G109 -> 0 | I61: =$D87*H109 -> 0 | J61: =$D87*I109 -> 0 | ... N61: =$D87*M109 -> 0 | O61: =SUM(C61:N61) -> 0
A62: =A50 -> Baustoffzusätze | B62: =O62/$O$64 -> #DIV/0! | C62: =$D88*B110 -> 0 | D62: =$D88*C110 -> 0 | E62: =$D88*D110 -> 0 | F62: =$D88*E110 -> 0 | G62: =$D88*F110 -> 0 | H62: =$D88*G110 -> 0 | I62: =$D88*H110 -> 0 | J62: =$D88*I110 -> 0 | ... N62: =$D88*M110 -> 0 | O62: =SUM(C62:N62) -> 0
A63: =A51 -> Sonstiges | B63: =O63/$O$64 -> #DIV/0! | C63: =$D89*B111 -> 0 | D63: =$D89*C111 -> 0 | E63: =$D89*D111 -> 0 | F63: =$D89*E111 -> 0 | G63: =$D89*F111 -> 0 | H63: =$D89*G111 -> 0 | I63: =$D89*H111 -> 0 | J63: =$D89*I111 -> 0 | ... N63: =$D89*M111 -> 0 | O63: =SUM(C63:N63) -> 0
A64: Summe Umsatz | B64: =SUM(B57:B62) -> #DIV/0! | C64: =SUM(C57:C63) -> 0 | D64: =SUM(D57:D63) -> 0 | E64: =SUM(E57:E63) -> 0 | F64: =SUM(F57:F63) -> 0 | G64: =SUM(G57:G63) -> 0 | H64: =SUM(H57:H63) -> 0 | I64: =SUM(I57:I63) -> 0 | J64: =SUM(J57:J63) -> 0 | ... O64: =SUM(O57:O63) -> 0
C65: =Finanzplan!B38 -> 0 | D65: =Finanzplan!C38 -> 0 | E65: =Finanzplan!D38 -> 0 | F65: =Finanzplan!E38 -> 0 | G65: =Finanzplan!F38 -> 0 | H65: =Finanzplan!G38 -> 0 | I65: =Finanzplan!H38 -> 0 | J65: =Finanzplan!I38 -> 0 | ... O65: =Finanzplan!N38 -> 0
B67: 3. GJ
B68: Anteil | C68: 1. Monat | D68: 2. Monat | E68: 3. Monat | F68: 4. Monat | G68: 5. Monat | H68: 6. Monat | I68: 7. Monat | J68: 8. Monat | K68: 9. Monat | L68: 10. Monat | M68: 11. Monat | N68: 12. Monat | O68: Gesamt
A69: =A45 -> Fassadenelemente | B69: =O69/$O$76 -> #DIV/0! | C69: =$E83*B116 -> 0 | D69: =$E83*C116 -> 0 | E69: =$E83*D116 -> 0 | F69: =$E83*E116 -> 0 | G69: =$E83*F116 -> 0 | H69: =$E83*G116 -> 0 | I69: =$E83*H116 -> 0 | J69: =$E83*I116 -> 0 | ... N69: =$E83*M116 -> 0 | O69: =SUM(C69:N69) -> 0
A70: =A46 -> Fensterelemente | B70: =O70/$O$76 -> #DIV/0! | C70: =$E84*B117 -> 0 | D70: =$E84*C117 -> 0 | E70: =$E84*D117 -> 0 | F70: =$E84*E117 -> 0 | G70: =$E84*F117 -> 0 | H70: =$E84*G117 -> 0 | I70: =$E84*H117 -> 0 | J70: =$E84*I117 -> 0 | ... N70: =$E84*M117 -> 0 | O70: =SUM(C70:N70) -> 0
A71: =A47 -> Türelemente | B71: =O71/$O$76 -> #DIV/0! | C71: =$E85*B118 -> 0 | D71: =$E85*C118 -> 0 | E71: =$E85*D118 -> 0 | F71: =$E85*E118 -> 0 | G71: =$E85*F118 -> 0 | H71: =$E85*G118 -> 0 | I71: =$E85*H118 -> 0 | J71: =$E85*I118 -> 0 | ... N71: =$E85*M118 -> 0 | O71: =SUM(C71:N71) -> 0
A72: =A48 -> Dämmstoffe | B72: =O72/$O$76 -> #DIV/0! | C72: =$E86*B119 -> 0 | D72: =$E86*C119 -> 0 | E72: =$E86*D119 -> 0 | F72: =$E86*E119 -> 0 | G72: =$E86*F119 -> 0 | H72: =$E86*G119 -> 0 | I72: =$E86*H119 -> 0 | J72: =$E86*I119 -> 0 | ... N72: =$E86*M119 -> 0 | O72: =SUM(C72:N72) -> 0
A73: =A49 -> Dichtstoffe | B73: =O73/$O$76 -> #DIV/0! | C73: =$E87*B120 -> 0 | D73: =$E87*C120 -> 0 | E73: =$E87*D120 -> 0 | F73: =$E87*E120 -> 0 | G73: =$E87*F120 -> 0 | H73: =$E87*G120 -> 0 | I73: =$E87*H120 -> 0 | J73: =$E87*I120 -> 0 | ... N73: =$E87*M120 -> 0 | O73: =SUM(C73:N73) -> 0
A74: =A50 -> Baustoffzusätze | B74: =O74/$O$76 -> #DIV/0! | C74: =$E88*B121 -> 0 | D74: =$E88*C121 -> 0 | E74: =$E88*D121 -> 0 | F74: =$E88*E121 -> 0 | G74: =$E88*F121 -> 0 | H74: =$E88*G121 -> 0 | I74: =$E88*H121 -> 0 | J74: =$E88*I121 -> 0 | ... N74: =$E88*M121 -> 0 | O74: =SUM(C74:N74) -> 0
A75: =A51 -> Sonstiges | B75: =O75/$O$76 -> #DIV/0! | C75: =$E89*B122 -> 0 | D75: =$E89*C122 -> 0 | E75: =$E89*D122 -> 0 | F75: =$E89*E122 -> 0 | G75: =$E89*F122 -> 0 | H75: =$E89*G122 -> 0 | I75: =$E89*H122 -> 0 | J75: =$E89*I122 -> 0 | ... N75: =$E89*M122 -> 0 | O75: =SUM(C75:N75) -> 0
A76: Summe Umsatz | B76: =SUM(B69:B74) -> #DIV/0! | C76: =SUM(C69:C75) -> 0 | D76: =SUM(D69:D75) -> 0 | E76: =SUM(E69:E75) -> 0 | F76: =SUM(F69:F75) -> 0 | G76: =SUM(G69:G75) -> 0 | H76: =SUM(H69:H75) -> 0 | I76: =SUM(I69:I75) -> 0 | J76: =SUM(J69:J75) -> 0 | ... O76: =SUM(O69:O75) -> 0
C77: =Finanzplan!B39 -> 0 | D77: =Finanzplan!C39 -> 0 | E77: =Finanzplan!D39 -> 0 | F77: =Finanzplan!E39 -> 0 | G77: =Finanzplan!F39 -> 0 | H77: =Finanzplan!G39 -> 0 | I77: =Finanzplan!H39 -> 0 | J77: =Finanzplan!I39 -> 0 | ... O77: =Finanzplan!N39 -> 0
A79: Verkaufspreise
A80: Provision: 10%
C81: 1. GJ | D81: 2. GJ | E81: 3. GJ
B82: Mengen-einheit | C82: Durch-schnitts-verkaufs-preis | D82: Durch-schnitts-verkaufs-preis | E82: Durch-schnitts-verkaufs-preis | F82: Anteil
A83: Fassadenelemente | B83: Stück | C83: 300 | D83: =C83*1.05 -> 315 | E83: =C83*1.1 -> 330 | F83: 0.25
A84: Fensterelemente | B84: Stück | C84: 600 | D84: =C84*1.05 -> 630 | E84: =C84*1.1 -> 660 | F84: 0.23
A85: Türelemente | B85: Stück | C85: 500 | D85: =C85*1.05 -> 525 | E85: =C85*1.1 -> 550 | F85: 0.15
A86: Dämmstoffe | B86: Packen | C86: 200 | D86: =C86*1.05 -> 210 | E86: =C86*1.1 -> 220 | F86: 0.1
A87: Dichtstoffe | B87: Packen | C87: 400 | D87: =C87*1.05 -> 420 | E87: =C87*1.1 -> 440 | F87: 0.1
A88: Baustoffzusätze | B88: Packen | C88: 40 | D88: =C88*1.05 -> 42 | E88: =C88*1.1 -> 44 | F88: 0.13
A89: Sonstiges | B89: Stück | C89: 10 | D89: =C89*1.05 -> 10.5 | E89: =C89*1.1 -> 11 | F89: 0.04
F90: =SUM(F83:F89) -> 1
A91: Absatzmengen (nach Einheit)
B92: 1. GJ
B93: 1. Monat | C93: 2. Monat | D93: 3. Monat | E93: 4. Monat | F93: 5. Monat | G93: 6. Monat | H93: 7. Monat | I93: 8. Monat | J93: 9. Monat | K93: 10. Monat | L93: 11. Monat | M93: 12. Monat | N93: Gesamt
A94: =A45 -> Fassadenelemente | B94: =ROUND(C$53*$F83/$C83,0) -> 0 | C94: =ROUND(D$53*$F83/$C83,0) -> 0 | D94: =ROUND(E$53*$F83/$C83,0) -> 0 | E94: =ROUND(F$53*$F83/$C83,0) -> 0 | F94: =ROUND(G$53*$F83/$C83,0) -> 0 | G94: =ROUND(H$53*$F83/$C83,0) -> 0 | H94: =ROUND(I$53*$F83/$C83,0) -> 0 | I94: =ROUND(J$53*$F83/$C83,0) -> 0 | ... M94: =ROUND(N$53*$F83/$C83,0) -> 0 | N94: =SUM(B94:M94) -> 0
A95: =A46 -> Fensterelemente | B95: =ROUND(C$53*$F84/$C84,0) -> 0 | C95: =ROUND(D$53*$F84/$C84,0) -> 0 | D95: =ROUND(E$53*$F84/$C84,0) -> 0 | E95: =ROUND(F$53*$F84/$C84,0) -> 0 | F95: =ROUND(G$53*$F84/$C84,0) -> 0 | G95: =ROUND(H$53*$F84/$C84,0) -> 0 | H95: =ROUND(I$53*$F84/$C84,0) -> 0 | I95: =ROUND(J$53*$F84/$C84,0) -> 0 | ... M95: =ROUND(N$53*$F84/$C84,0) -> 0 | N95: =SUM(B95:M95) -> 0
A96: =A47 -> Türelemente | B96: =ROUND(C$53*$F85/$C85,0) -> 0 | C96: =ROUND(D$53*$F85/$C85,0) -> 0 | D96: =ROUND(E$53*$F85/$C85,0) -> 0 | E96: =ROUND(F$53*$F85/$C85,0) -> 0 | F96: =ROUND(G$53*$F85/$C85,0) -> 0 | G96: =ROUND(H$53*$F85/$C85,0) -> 0 | H96: =ROUND(I$53*$F85/$C85,0) -> 0 | I96: =ROUND(J$53*$F85/$C85,0) -> 0 | ... M96: =ROUND(N$53*$F85/$C85,0) -> 0 | N96: =SUM(B96:M96) -> 0
A97: =A48 -> Dämmstoffe | B97: =ROUND(C$53*$F86/$C86,0) -> 0 | C97: =ROUND(D$53*$F86/$C86,0) -> 0 | D97: =ROUND(E$53*$F86/$C86,0) -> 0 | E97: =ROUND(F$53*$F86/$C86,0) -> 0 | F97: =ROUND(G$53*$F86/$C86,0) -> 0 | G97: =ROUND(H$53*$F86/$C86,0) -> 0 | H97: =ROUND(I$53*$F86/$C86,0) -> 0 | I97: =ROUND(J$53*$F86/$C86,0) -> 0 | ... M97: =ROUND(N$53*$F86/$C86,0) -> 0 | N97: =SUM(B97:M97) -> 0
A98: =A49 -> Dichtstoffe | B98: =ROUND(C$53*$F87/$C87,0) -> 0 | C98: =ROUND(D$53*$F87/$C87,0) -> 0 | D98: =ROUND(E$53*$F87/$C87,0) -> 0 | E98: =ROUND(F$53*$F87/$C87,0) -> 0 | F98: =ROUND(G$53*$F87/$C87,0) -> 0 | G98: =ROUND(H$53*$F87/$C87,0) -> 0 | H98: =ROUND(I$53*$F87/$C87,0) -> 0 | I98: =ROUND(J$53*$F87/$C87,0) -> 0 | ... M98: =ROUND(N$53*$F87/$C87,0) -> 0 | N98: =SUM(B98:M98) -> 0
A99: =A50 -> Baustoffzusätze | B99: =ROUND(C$53*$F88/$C88,0) -> 0 | C99: =ROUND(D$53*$F88/$C88,0) -> 0 | D99: =ROUND(E$53*$F88/$C88,0) -> 0 | E99: =ROUND(F$53*$F88/$C88,0) -> 0 | F99: =ROUND(G$53*$F88/$C88,0) -> 0 | G99: =ROUND(H$53*$F88/$C88,0) -> 0 | H99: =ROUND(I$53*$F88/$C88,0) -> 0 | I99: =ROUND(J$53*$F88/$C88,0) -> 0 | ... M99: =ROUND(N$53*$F88/$C88,0) -> 0 | N99: =SUM(B99:M99) -> 0
A100: =A51 -> Sonstiges | B100: =ROUND(C$53*$F89/$C89,0) -> 0 | C100: =ROUND(D$53*$F89/$C89,0) -> 0 | D100: =ROUND(E$53*$F89/$C89,0) -> 0 | E100: =ROUND(F$53*$F89/$C89,0) -> 0 | F100: =ROUND(G$53*$F89/$C89,0) -> 0 | G100: =ROUND(H$53*$F89/$C89,0) -> 0 | H100: =ROUND(I$53*$F89/$C89,0) -> 0 | I100: =ROUND(J$53*$F89/$C89,0) -> 0 | ... M100: =ROUND(N$53*$F89/$C89,0) -> 0 | N100: =SUM(B100:M100) -> 0
A101: Summe abgesetzter Mengeneinheiten | B101: =SUM(B94:B100) -> 0 | C101: =SUM(C94:C100) -> 0 | D101: =SUM(D94:D100) -> 0 | E101: =SUM(E94:E100) -> 0 | F101: =SUM(F94:F100) -> 0 | G101: =SUM(G94:G100) -> 0 | H101: =SUM(H94:H100) -> 0 | I101: =SUM(I94:I100) -> 0 | ... N101: =SUM(N94:N100) -> 0
B103: 2. GJ
B104: 1. Monat | C104: 2. Monat | D104: 3. Monat | E104: 4. Monat | F104: 5. Monat | G104: 6. Monat | H104: 7. Monat | I104: 8. Monat | J104: 9. Monat | K104: 10. Monat | L104: 11. Monat | M104: 12. Monat | N104: Gesamt
A105: =A45 -> Fassadenelemente | B105: =ROUND(C$65*$F83/$D83,0) -> 0 | C105: =ROUND(D$65*$F83/$D83,0) -> 0 | D105: =ROUND(E$65*$F83/$D83,0) -> 0 | E105: =ROUND(F$65*$F83/$D83,0) -> 0 | F105: =ROUND(G$65*$F83/$D83,0) -> 0 | G105: =ROUND(H$65*$F83/$D83,0) -> 0 | H105: =ROUND(I$65*$F83/$D83,0) -> 0 | I105: =ROUND(J$65*$F83/$D83,0) -> 0 | ... M105: =ROUND(N$65*$F83/$D83,0) -> 0 | N105: =SUM(B105:M105) -> 0
A106: =A46 -> Fensterelemente | B106: =ROUND(C$65*$F84/$D84,0) -> 0 | C106: =ROUND(D$65*$F84/$D84,0) -> 0 | D106: =ROUND(E$65*$F84/$D84,0) -> 0 | E106: =ROUND(F$65*$F84/$D84,0) -> 0 | F106: =ROUND(G$65*$F84/$D84,0) -> 0 | G106: =ROUND(H$65*$F84/$D84,0) -> 0 | H106: =ROUND(I$65*$F84/$D84,0) -> 0 | I106: =ROUND(J$65*$F84/$D84,0) -> 0 | ... M106: =ROUND(N$65*$F84/$D84,0) -> 0 | N106: =SUM(B106:M106) -> 0
A107: =A47 -> Türelemente | B107: =ROUND(C$65*$F85/$D85,0) -> 0 | C107: =ROUND(D$65*$F85/$D85,0) -> 0 | D107: =ROUND(E$65*$F85/$D85,0) -> 0 | E107: =ROUND(F$65*$F85/$D85,0) -> 0 | F107: =ROUND(G$65*$F85/$D85,0) -> 0 | G107: =ROUND(H$65*$F85/$D85,0) -> 0 | H107: =ROUND(I$65*$F85/$D85,0) -> 0 | I107: =ROUND(J$65*$F85/$D85,0) -> 0 | ... M107: =ROUND(N$65*$F85/$D85,0) -> 0 | N107: =SUM(B107:M107) -> 0
A108: =A48 -> Dämmstoffe | B108: =ROUND(C$65*$F86/$D86,0) -> 0 | C108: =ROUND(D$65*$F86/$D86,0) -> 0 | D108: =ROUND(E$65*$F86/$D86,0) -> 0 | E108: =ROUND(F$65*$F86/$D86,0) -> 0 | F108: =ROUND(G$65*$F86/$D86,0) -> 0 | G108: =ROUND(H$65*$F86/$D86,0) -> 0 | H108: =ROUND(I$65*$F86/$D86,0) -> 0 | I108: =ROUND(J$65*$F86/$D86,0) -> 0 | ... M108: =ROUND(N$65*$F86/$D86,0) -> 0 | N108: =SUM(B108:M108) -> 0
A109: =A49 -> Dichtstoffe | B109: =ROUND(C$65*$F87/$D87,0) -> 0 | C109: =ROUND(D$65*$F87/$D87,0) -> 0 | D109: =ROUND(E$65*$F87/$D87,0) -> 0 | E109: =ROUND(F$65*$F87/$D87,0) -> 0 | F109: =ROUND(G$65*$F87/$D87,0) -> 0 | G109: =ROUND(H$65*$F87/$D87,0) -> 0 | H109: =ROUND(I$65*$F87/$D87,0) -> 0 | I109: =ROUND(J$65*$F87/$D87,0) -> 0 | ... M109: =ROUND(N$65*$F87/$D87,0) -> 0 | N109: =SUM(B109:M109) -> 0
A110: =A50 -> Baustoffzusätze | B110: =ROUND(C$65*$F88/$D88,0) -> 0 | C110: =ROUND(D$65*$F88/$D88,0) -> 0 | D110: =ROUND(E$65*$F88/$D88,0) -> 0 | E110: =ROUND(F$65*$F88/$D88,0) -> 0 | F110: =ROUND(G$65*$F88/$D88,0) -> 0 | G110: =ROUND(H$65*$F88/$D88,0) -> 0 | H110: =ROUND(I$65*$F88/$D88,0) -> 0 | I110: =ROUND(J$65*$F88/$D88,0) -> 0 | ... M110: =ROUND(N$65*$F88/$D88,0) -> 0 | N110: =SUM(B110:M110) -> 0
...

Sheet Grafiken
B1: 1. Monat | C1: 2. Monat | D1: 3. Monat | E1: 4. Monat | F1: 5. Monat | G1: 6. Monat | H1: 7. Monat | I1: 8. Monat | J1: 9. Monat | K1: 10. Monat | L1: 11. Monat | M1: 12. Monat | N1: 13. Monat | O1: 14. Monat | P1: 15. Monat | Q1: 16. Monat | R1: 17. Monat | S1: 18. Monat | T1: 19. Monat | U1: 20. Monat | V1: 21. Monat | W1: 22. Monat | X1: 23. Monat | Y1: 24. Monat | Z1: 25. Monat | AA1: 26. Monat | AB1: 27. Monat | AC1: 28. Monat | AD1: 29. Monat | AE1: 30. Monat | AF1: 31. Monat | AG1: 32. Monat | AH1: 33. Monat | AI1: 34. Monat | AJ1: 35. Monat | AK1: 36. Monat
A2: Betriebsergebnis vor Steuern | B2: =Finanzplan!B23 -> 0 | C2: =Finanzplan!C23 -> 0 | D2: =Finanzplan!D23 -> 5760 | E2: =Finanzplan!E23 -> 8370 | F2: =Finanzplan!F23 -> 9110 | G2: =Finanzplan!G23 -> 9240 | H2: =Finanzplan!H23 -> 9470 | I2: =Finanzplan!I23 -> 9600 | ... M2: =Finanzplan!M23 -> 10200 | N2: =Finanzplan!B29 -> 9943.5 | O2: =Finanzplan!C29 -> 10143 | P2: =Finanzplan!D29 -> 10353 | Q2: =Finanzplan!E29 -> 10353 | R2: =Finanzplan!F29 -> 10573.5 | S2: =Finanzplan!G29 -> 10783.5 | T2: =Finanzplan!H29 -> 14889 | U2: =Finanzplan!I29 -> 15246 | ... Y2: =Finanzplan!M29 -> 16810.5 | Z2: =Finanzplan!B35 -> 16929 | AA2: =Finanzplan!C35 -> 17149 | AB2: =Finanzplan!D35 -> 17611 | AC2: =Finanzplan!E35 -> 17611 | AD2: =Finanzplan!F35 -> 17831 | AE2: =Finanzplan!G35 -> 18205 | AF2: =Finanzplan!H35 -> 18876 | AG2: =Finanzplan!I35 -> 19690 | ... AK2: =Finanzplan!M35 -> 21340
B4: 1. GJ | C4: 2. GJ | D4: 3. GJ | F4: 1. GJ | G4: 2. GJ | H4: 3. GJ
A5: EBT (Vorsteuergewinn) | B5: =Finanzplan!S23 -> 56562.546 | C5: =Finanzplan!T23 -> 88744.897 | D5: =Finanzplan!U23 -> 109587.62 | F5: =Finanzplan!N23 -> 91410 | G5: =Finanzplan!O23 -> 157227 | H5: =Finanzplan!P23 -> 226116
